 Dungeon Crawl Stone Soup version 0.30-a0-509-gd016549fea (webtiles) character file.

Game seed: 8497962324467077016

182 xzight the Magician (level 5, -1/29 HPs)
             Began as a Deep Elf Fire Elementalist on Dec 22, 2022.
             Slain by an ufetubus (3 damage)
             ... summoned by Eustachio
             ... on level 4 of the Dungeon.
             The game lasted 00:03:12 (3635 turns).

xzight the Magician (Deep Elf Fire Elementalist)    Turns: 3635, Time: 00:03:13

Health: -1/29      AC:  3    Str:  5    XL:     5   Next: 35%
Magic:  3/13       EV: 13    Int: 22    God:
Gold:   167        SH:  0    Dex: 15    Spells: 9/12 levels left

rFire   + . .      SeeInvis .    a - +0 dagger
rCold   x . .      Faith    .    (no shield)
rNeg    . . .      Spirit   .    h - +0 robe
rPois   .          Reflect  .    m - +0 helmet
rElec   .          Harm     .    (no cloak)
rCorr   .          Rampage  .    (no gloves)
Will    +....                    (no boots)
Stlth   ++........               (no amulet)
HPRegen 0.24/turn                F - ring of fire
MPRegen 0.13/turn                W - ring of willpower

@: no status effects
A: no striking features
a: no special abilities


You were on level 4 of the Dungeon.
You visited 1 branch of the dungeon, and saw 4 of its levels.

You collected 167 gold pieces.


   Skills:
 + Level 1.6 Fighting
 + Level 3.7 Dodging
 - Level 2.4 Stealth
 + Level 4.3 Spellcasting
 + Level 2.6 Conjurations
 + Level 4.2 Fire Magic


You had 9 spell levels left.
You knew the following spells:

 Your Spells              Type           Power      Damage    Failure   Level
a - Foxfire               Conj/Fire      100%       2x1d9     2%          1
b - Scorch                Fire           68%        2d8       3%          2

Your spell library contained the following spells:

 Spells                   Type           Power      Damage    Failure   Level
 Inner Flame              Hex/Fire       21%        N/A       14%         3
 Kindle Blastsparks       Fire/Tloc/Air  32%        2d12      19%         3
 Flame Wave               Conj/Fire      29%        2d9       26%         4

Inventory:

Hand Weapons
 a - a +0 dagger (weapon)
Missiles
 j - 2 throwing nets {=f}
Armour
 h - a +0 robe (worn)
 m - a +0 helmet (worn)
Jewellery
 F - a ring of fire (left hand)
 W - a ring of willpower (right hand)
Wands
 o - a wand of digging (6)
Scrolls
 c - a scroll of identify {@r1}
 d - a scroll of fog
 f - a scroll of poison
 g - 4 scrolls of magic mapping
 l - a scroll of butterflies {unknown}
 n - a scroll of teleportation {@r2}
Potions
 b - a potion of magic
 i - a potion of flight
 k - a potion of might

Dungeon Overview and Level Annotations

Branches:
Dungeon (4/15)
 Temple: D:4-7

Altars:
Okawaru
Yredelemnul
Zin

Shops:
D:1 [=(

Annotations:
D:4 Eustachio

###. ..#......###.# ##
####...##.# #.#
.#...#### .#
.##########..>... ..
...........#############
...........'............
...........#############
......5.5..#
....$..@5..#
.######.#### #... #....
#.ยง... .......
#........ #.........


You could see 2 shadow imps and an ufetubus (summoned).


Message History

There are monsters nearby!
Unknown command.
The shadow imp attacks as you move away!
The shadow imp barely misses you. The ufetubus hits you. x4
The shadow imp gestures at you. You resist with some effort.
The ufetubus closely misses you. The ufetubus barely misses you.
The shadow imp closely misses you. The shadow imp hits you.
Eustachio mumbles some strange words.
Eustachio blinks!
Casting: Scorch (safe; 3% risk of failure)
Confirm with . or Enter, or press ? or * to list all spells.
You feel a surge of power!
Flames lash the shadow imp.
The shadow imp is heavily wounded.
The shadow imp's fire resistance burns away.
Eustachio is no longer more vulnerable to fire.
The ufetubus hits you.
The ufetubus hits you but does no damage.
The shadow imp gestures at you. Pain shoots through your body!
* * * LOW HITPOINT WARNING * * *
The shadow imp hits you.
* * * LOW HITPOINT WARNING * * *
The ufetubus hits you.
* * * LOW HITPOINT WARNING * * *
The ufetubus misses you.
Eustachio gestures wildly while chanting.
Eustachio blinks!
The ufetubus hits you.
You die...

Skill      XL: |  1  2  3  4 |
---------------+-------------+-----
Dodging        | 3 |  3.7
Fighting       | 1 |  1.6
Conjurations   | 2 |  2.6
Spellcasting   | 4 |  4.3
Fire Magic     | 4 |  4.2
Stealth        | |  2.4

Action                   |  1- 3 |  4- 6 || total
-------------------------+-------+-------++-------
 Cast: Foxfire           |   108 |    20 ||   128
       Scorch            |     6 |     7 ||    13
  Use: Scroll            |     6 |       ||     6
Armor: Robe              |       |     2 ||     2
Dodge: Dodged            |     8 |    12 ||    20

Levels and vault maps discovered:
D:1:      nzn_arrival_settlement, layout_basic, ebering_ecumenical_altar_rust,
          serial_shops, nicolae_shop_trees, shop_statue,
          nicolae_shop_bloodbath_and_beyond, minmay_misc_feat_doors
D:2:      layout_loops_ring, nicolae_concentric_dashed_squares_wild
D:3:      layout_loops_ring, mainiacjoe_overflow_chevrons, st_stairs_13,
          nicolae_underground_beach
D:4:      layout_basic, mainiacjoe_overflow_large_starburst, uniq_eustachio

Notes
Turn   | Place    | Note
-------+----------+-------------------------------------------
     0 | D:1      | xzight the Deep Elf Fire Elementalist began the quest for
                  | the Orb.
     0 | D:1      | Reached XP level 1. HP: 10/10 MP: 6/6
   169 | D:1      | Found Mudef's Antique Armour Shoppe.
   261 | D:1      | Found a faded altar of an unknown god.
   389 | D:1      | Found Irchaarhoc's Weapon Boutique.
   466 | D:1      | Found Ocustugg's Jewellery Boutique.
   755 | D:1      | Reached XP level 2. HP: 15/15 MP: 6/8
   758 | D:1      | Learned a level 2 spell: Scorch
  1882 | D:2      | Reached XP level 3. HP: 20/20 MP: 6/9
  2275 | D:3      | Found an iron altar of Okawaru.
  2318 | D:3      | Reached skill level 3 in Dodging
  2387 | D:3      | Reached skill level 1 in Fighting
  2555 | D:3      | Reached skill level 2 in Conjurations
  2964 | D:4      | Found a glowing silver altar of Zin.
  2972 | D:4      | Found a basalt altar of Yredelemnul.
  3164 | D:4      | Reached XP level 4. HP: 25/25 MP: 6/11
  3448 | D:4      | Noticed a phantom
  3457 | D:4      | Killed a phantom
  3458 | D:4      | Reached skill level 4 in Spellcasting
  3458 | D:4      | Reached skill level 4 in Fire Magic
  3458 | D:4      | Reached XP level 5. HP: 25/29 MP: 4/13
  3617 | D:4      | Noticed Eustachio
  3634 | D:4      | HP: 2/29 [ufetubus[Eustachio] (3)]
  3635 | D:4      | Slain by an ufetubus

Vanquished Creatures
  A phantom (D:4)
  A jelly (D:4)
  3 adders
  An ufetubus (D:4)
  A dart slug (D:3)
  A worm (D:4)
  4 orcs (D:3)
  2 ball pythons
  2 endoplasms
  A giant cockroach (D:1)
  8 goblins
  3 hobgoblins
  5 kobolds
  3 quokkas
  A frilled lizard (D:3)
  5 rats
42 creatures vanquished.

Vanquished Creatures (others)
  192 foxfires
192 creatures vanquished.

Grand Total: 234 creatures vanquished

Table legend: (Time is in decaauts)
 A = Elapsed time spent in this place.
 B = Non-inter-level travel time spent in this place.
 C = Inter-level travel time spent in this place.
 D = Time resting spent in this place.
 E = Time spent auto-exploring this place.
 F = Levels seen in this place.
 G = Mean time per level.
                   A        B        C        D        E       F      G
               +--------+--------+--------+--------+--------+-----+--------+
         Total |   3631 |   3505 |    126 |      0 |   3056 |   4 |  907.8 |
       Dungeon |   3631 |   3505 |    126 |      0 |   3056 |   4 |  907.8 |
               +--------+--------+--------+--------+--------+-----+--------+

Top non-repeatable levels by time:
     D:2: 1105 daAuts
     D:3: 939 daAuts
     D:1: 910 daAuts
     D:4: 675 daAuts

Table legend:
 A = Non-vault XP
 B = Vault XP
 C = Vault XP percentage of total XP
 D = Non-vault monster count
 E = Vault monster count
 F = Vault count percentage of total count
                 A         B        C        D         E       F
            +---------+---------+-------+---------+---------+-------
      Total |     260 |       1 |   0.4 |      41 |       1 |   2.4
            +---------+---------+-------+---------+---------+-------
        D:1 |      12 |       0 |   0.0 |       7 |       0 |   0.0
        D:2 |      29 |       0 |   0.0 |      11 |       0 |   0.0
        D:3 |      44 |       1 |   2.2 |      14 |       1 |   6.7
        D:4 |     175 |       0 |   0.0 |       9 |       0 |   0.0
            +---------+---------+-------+---------+---------+-------
